 Dungeon Crawl Stone Soup version 0.31-a0-234-gad7ace1 (webtiles) character file.

Game seed: 9430013424424992565

83185 bloodbathe the Frost Mage (level 15, -2/128 HPs)
             Began as a Ghoul Ice Elementalist on July 9, 2023.
             Was an Elder of Kikubaaqudgha.
             Engulfed by a fire crab's flame (20 damage)
             ... on level 3 of the Lair of Beasts.
             The game lasted 00:58:58 (22243 turns).

bloodbathe the Frost Mage (Ghoul Ice Elementalist) Turns: 22243, Time: 00:59:00

Health: -2/128     AC:  7    Str: 21    XL:     15   Next: 76%
Magic:  19/35      EV: 13    Int: 16    God:    Kikubaaqudgha [****..]
Gold:   890        SH: 11    Dex:  9    Spells: 8/30 levels left

rFire   . .          .
                       - Unarmed
rCold   + . .        c - +2 buckler of the Swamp {+Blink Str+7 Stlth-}
rNeg    + + +        r - +0 steam dragon scales
rPois   ∞            v - +0 hat
rElec   .            m - +0 cloak
rCorr   .            (no gloves)
SInv    .            (no boots)
Will    ++...        d - amulet of reflection
Stlth   +            z - ring of magical power
HPRegen 0.00/turn    x - ring of willpower
MPRegen 0.24/turn

%: reflection
@: freezing walls, inhibited regen, studying Staves
A: claws 1, cold resistance 1, negative energy resistance 3, inhibited
regeneration, torment resistance 2, devour on kill
a: Renounce Religion, Evoke Blink, Unearth Wretches


You were on level 3 of the Lair of Beasts.
You worshipped Kikubaaqudgha.
Kikubaaqudgha was greatly pleased with you.
You visited 3 branches of the dungeon, and saw 15 of its levels.
You also visited: Ice Cave.

You collected 890 gold pieces.

Inventory:

Hand Weapons
 p - a +2 morningstar of freezing
Missiles
 J - 2 throwing nets
Armour
 c - the +2 buckler of the Swamp (worn) {+Blink Str+7 Stlth-}
   (You found it on level 11 of the Dungeon)

   Str:       It affects your strength (+7).
   +Blink:    It lets you blink.
   Stlth:     It makes you less stealthy.
 m - a +0 cloak (worn)
 r - +0 steam dragon scales (worn)
 s - +0 acid dragon scales
 v - a +0 hat (worn)
 D - a +0 kite shield
Magical Staves
 o - a staff of poison
Jewellery
 d - an amulet of reflection (around neck)
 h - a +6 ring of strength
 x - a ring of willpower (right claw)
 z - a ring of magical power (left claw)
 A - a ring of fire
 H - a ring of ice
Wands
 e - a wand of digging (7)
 g - a wand of paralysis (40)
 n - a wand of mindburst (2)
 q - a wand of flame (25)
 y - a wand of quicksilver (8)
 G - a wand of iceblast (5)
Scrolls
 a - 2 scrolls of revelation
 t - a scroll of enchant weapon
 u - 2 scrolls of teleportation
 w - a scroll of poison
 E - 3 scrolls of fog
 F - a scroll of brand weapon
 K - a scroll of blinking
 M - a scroll of amnesia {unknown}
Potions
 b - 3 potions of magic
 f - a potion of haste
 i - 2 potions of lignification
 j - 3 potions of might
 k - 3 potions of attraction
 l - 4 potions of enlightenment
 B - 4 potions of curing
 C - 2 potions of brilliance {unknown}
 L - a potion of mutation


   Skills:
 + Level 10.8 Fighting
 - Level 4.0 Armour
 + Level 8.0 Dodging
 - Level 4.0 Stealth
 - Level 4.0 Shields
 - Level 8.0 Unarmed Combat
 * Level 8.3 Spellcasting
 + Level 9.5 Necromancy
 + Level 12.6 Ice Magic
 + Level 9.9 Earth Magic


You had 8 spell levels left.
You knew the following spells:

 Your Spells              Type           Power      Damage    Failure   Level
a - Freeze                Ice            100%       1d10      1%          1
b - Ozocubu's Armour      Ice            46%        N/A       1%          3
c - Frozen Ramparts       Ice            92%        1d14      1%          3
d - Borgnjor's Vile Clut  Necr/Erth      18%        N/A       7%          5
e - Dispel Undead         Necr           37%        3d15      2%          4
s - Simulacrum            Ice/Necr       21%        N/A       22%         6

Your spell library contained the following spells:

 Spells                   Type           Power      Damage    Failure   Level
 Necrotise                Necr           100%       1d9       1%          1
 Vampiric Draining        Necr           37%        2d8       1%          3
 Animate Dead             Necr           37%        N/A       2%          4
 Cigotuvi's Dreadful Rot  Necr/Pois/Air  32%        N/A       5%          2
 Agony                    Necr           37%        N/A       8%          5
 Summon Ice Beast         Ice/Summ       26%        N/A       10%         4
 Shock                    Conj/Air       24%        1d4       14%         1
 Petrify                  Tmut/Erth      22%        N/A       17%         4
 Swiftness                Air            6%         N/A       38%         3
 Tukima's Dance           Hex            6%         N/A       38%         3
 Ozocubu's Refrigeration  Ice            23%        4d12      54%         7
 Airstrike                Air            3%         2d(1-17)  80%         4
 Passage of Golubria      Tloc           6%         N/A       80%         4
 Alistair's Intoxication  Tmut/Pois      4%         N/A       98%         5
 Yara's Violent Unravell  Hex/Tmut       3%         3d4       98%         5
 Eringya's Noxious Bog    Tmut/Pois      3%         4d6       100%        6
 Wereblood                Tmut           Unusable   N/A       N/A         2
 Dragon Form              Tmut           Unusable   N/A       N/A         7

Dungeon Overview and Level Annotations

Branches:
Dungeon (11/15)            Temple (1/1) D:4            Lair (3/5) D:11
 Shoals (0/4) Lair:2        Snake (0/4) Lair:3          Orc (0/2) D:11
  IceCv (visited)

Altars:
Ashenzari
Cheibriados
Dithmenos
Fedhas
Gozag
Hepliaklqana
Kikubaaqudgha
Makhleb
Nemelex Xobeh
Okawaru
Qazlal
Ru
Trog
Uskayaw
Vehumet
Wu Jian
Xom
Yredelemnul

Shops:
D:5 *

Annotations:
D:3 Jessica


Innate Abilities, Weirdness & Mutations

You are immune to poison.
You have sharp fingernails.
Your flesh is cold resistant. (rC+)
You are immune to negative energy. (rN+++)
You do not regenerate when monsters are visible.
You are immune to unholy pain and torment.
You thrive by killing the living.


Message History

Aim: a fire crab (heavily wounded)
You freeze the fire crab!
The fire crab is severely wounded.
You are engulfed in blazing flames.
Your icy armour melts away.
* * * LOW HITPOINT WARNING * * *
The wall freezes the fire crab.
The fire crab breathes flames at you. The blast of flame engulfs you.
* * * LOW HITPOINT WARNING * * *
Unknown command.
Okay, then.
Okay, then.
Casting: Freeze (safe; 1% risk of failure)
Confirm with . or Enter, or press ? or * to list all spells.
Aiming: Borgnjor's Vile Clutch (dangerous; 7% risk of failure)
Press: ? - help, Shift-Dir - straight line, f/p - fire crab
Aim: a fire crab (flame, severely wounded, 100% to hit)
Zombie hands grab the fire crab.
The zombie hands constrict the fire crab.
The wall freezes the fire crab but does no damage.
The fire crab completely misses you. The fire crab claws you.
* * * LOW HITPOINT WARNING * * *
You are engulfed in flames!
* * * LOW HITPOINT WARNING * * *
You feel better.
The zombie hands constrict the fire crab, but do no damage.
The wall freezes the fire crab but does no damage.
The fire crab breathes flames at you.
The blast of flame engulfs you but does no damage.
Casting: Borgnjor's Vile Clutch (dangerous; 7% risk of failure)
Confirm with . or Enter, or press ? or * to list all spells.
Aiming: Freeze (safe; 1% risk of failure)
Press: ? - help, Shift-Dir - straight line, f/p - fire crab
Aim: a fire crab (severely wounded, constricted by zombie hands)
You freeze the fire crab.
The fire crab is almost dead.
You are engulfed in blazing flames.
You die...
Kikubaaqudgha rasps: "You have failed me!
Welcome... oblivion!"

~~~.....~N~.......Y....#≈≈..
.~~~P~~~~~............##≈≈≈.
#.~~~~~~~.............##≈≈≈~
#.~~~~~.............#.##≈≈≈
#.P..~.~.####........# ####
#.#.....## ###.......# # .
#....#####.#)......# #
##......t..+.......## .##
#.P#..#P....###@.##......#####.#
#..#..#.....# ####.#....^##.##.#
##.P.........####.##......#..##.#
.............#.P...#.............
.................................
.................................
...(.............................
...........#.#..#..###...........
###†.###....###.#### #...........


You could see a fire crab (clutched).

Vanquished Creatures
  A frost giant (IceCv)
  A hydra (Lair:2)
  Harold (Lair:1)
  Erica (Lair:1)
  An anaconda (Lair:3)
  6 death yaks (IceCv)
  Sonja (Lair:2)
  A skyshark (Lair:3)
  An ugly thing (IceCv)
  6 elephants (Lair:3)
  2 black mambas
  An ice statue (IceCv)
  Maurice (D:9)
  Joseph (Lair:1)
  Maggie (D:7)
  6 cane toads
  6 rime drakes (IceCv)
  4 komodo dragons
  6 polar bears
  5 blink frogs (Lair:3)
  Prince Ribbit (D:8)
  A vampire (D:9)
  9 spriggans (Lair:2)
  A shadow (D:10)
  3 wyverns (D:11)
  55 yaks
  Menkaure (D:7)
  5 vampire mosquitoes
  A naga (Lair:3)
  An acid dragon (D:9)
  15 water moccasins
  Duvessa (D:7)
  A sky beast (D:6)
  4 black bears
  6 orc warriors
  2 ice beasts (D:8)
  An ogre (D:6)
  11 wolves
  9 centaurs
  The ghost of ChinnyChinChin the Insei, an amateur OpTm (D:4)
  A phantom (D:6)
  3 kobold brigands
  7 bullfrogs
  2 gnoll sergeants
  6 scorpions
  8 wights
  Dowan (D:7)
  2 howler monkeys (D:6)
  7 hounds
  9 orc priests
  A gnoll bouda (D:5)
  2 sleepcaps (D:6)
  5 iguanas
  17 orc wizards
  A hell rat (Lair:3)
  15 gnolls
  12 adders
  2 white imps
  4 dart slugs
  30 orcs
  9 ball pythons
  4 endoplasms
  6 giant cockroaches
  6 goblins
  5 hobgoblins
  A quokka (D:2)
  3 bats
  A frilled lizard (D:3)
  14 kobolds
  3 rats
369 creatures vanquished.

Notes
Turn   | Place    | Note
-------+----------+-------------------------------------------
     0 | D:1      | bloodbathe the Ghoul Ice Elementalist began the quest for
                  | the Orb.
     0 | D:1      | Reached XP level 1. HP: 14/14 MP: 2/2
   127 | D:1      | Reached XP level 2. HP: 18/20 MP: 2/4
   267 | D:1      | Reached skill level 5 in Ice Magic
   277 | D:1      | Got Sif Muna's Reference Book on Teratogeny
   716 | D:2      | Reached XP level 3. HP: 26/26 MP: 3/5
   769 | D:2      | Learned a level 3 spell: Frozen Ramparts
   907 | D:2      | Reached skill level 1 in Unarmed Combat
  1379 | D:3      | Found a faded altar of an unknown god.
  1443 | D:3      | Reached skill level 1 in Fighting
  1443 | D:3      | Reached XP level 4. HP: 34/35 MP: 4/6
  1522 | D:3      | Found a bloodstained altar of Trog.
  1598 | D:3      | Noticed Jessica
  2095 | D:4      | Found an ornate altar of the Wu Jian Council.
  2229 | D:4      | Reached XP level 5. HP: 6/40 MP: 0/7
  2364 | D:4      | Found a runed translucent door.
  2365 | D:4      | Noticed ChinnyChinChin's ghost (amateur OpTm)
  2566 | D:4      | Found a staircase to the Ecumenical Temple.
  2608 | D:4      | Reached skill level 6 in Ice Magic
  2608 | D:4      | Reached XP level 6. HP: 17/48 MP: 1/8
  3083 | D:4      | Found a broken altar of Ashenzari.
  3311 | D:4      | Reached XP level 7. HP: 31/56 MP: 4/10
  3399 | D:4      | Learned a level 3 spell: Ozocubu's Armour
  3433 | D:4      | Killed ChinnyChinChin's ghost
  3511 | D:4      | Reached skill level 7 in Ice Magic
  3750 | D:5      | Entered Level 5 of the Dungeon
  3838 | D:5      | Found Zin's Purification Station.
  4376 | D:5      | Reached XP level 8. HP: 43/66 MP: 12/12
  4517 | D:5      | Found an opulent altar of Gozag.
  4854 | D:5      | Reached skill level 8 in Ice Magic
  5295 | D:6      | Reached skill level 5 in Fighting
  5361 | D:6      | Reached skill level 9 in Ice Magic
  5511 | D:6      | Found a stormy altar of Qazlal.
  5555 | D:6      | Found a sparkling altar of Nemelex Xobeh.
  5555 | D:6      | Found a sacrificial altar of Ru.
  5563 | D:6      | Found a faded altar of an unknown god.
  5565 | D:6      | Found an iron altar of Okawaru.
  5567 | D:6      | Found a shimmering altar of Xom.
  6073 | D:7      | Reached XP level 9. HP: 72/74 MP: 7/14
  6138 | D:7      | Noticed Menkaure
  6150 | D:7      | Killed Menkaure
  6635 | D:6      | Reached skill level 1 in Armour
  7239 | D:7      | Noticed Dowan
  7375 | D:7      | Noticed Duvessa
  7387 | D:7      | Reached skill level 10 in Ice Magic
  7485 | D:7      | Noticed Maggie
  7497 | D:7      | Killed Maggie
  7750 | D:7      | Found a blossoming altar of Fedhas.
  7871 | D:7      | Reached skill level 5 in Unarmed Combat
  7977 | D:7      | Killed Duvessa
  7977 | D:7      | Killed Dowan
  8166 | D:7      | Reached XP level 10. HP: 73/84 MP: 12/16
  8583 | Temple   | Entered the Ecumenical Temple
  8597 | Temple   | Became a worshipper of Kikubaaqudgha
  9685 | D:9      | Noticed Prince Ribbit
  9704 | D:8      | Killed Prince Ribbit
  9705 | D:8      | Reached skill level 5 in Spellcasting
 10032 | D:9      | Reached * piety under Kikubaaqudgha
 10032 | D:9      | Received a gift from Kikubaaqudgha
 10102 | D:9      | Reached skill level 11 in Ice Magic
 10405 | D:9      | Found a radiant altar of Vehumet.
 10777 | D:9      | Noticed Maurice
 10842 | D:9      | Killed Maurice
 11838 | D:9      | Learned a level 5 spell: Borgnjor's Vile Clutch
 11839 | D:10     | Entered Level 10 of the Dungeon
 11927 | D:10     | Reached skill level 1 in Necromancy
 11927 | D:10     | Reached skill level 1 in Earth Magic
 12026 | D:10     | Reached ** piety under Kikubaaqudgha
 12027 | D:10     | Reached XP level 11. HP: 92/92 MP: 10/17
 12250 | D:10     | Reached skill level 12 in Ice Magic
 12900 | D:11     | Found a staircase to the Orcish Mines.
 13497 | D:11     | Reached skill level 5 in Dodging
 13805 | D:11     | Found a staircase to the Lair.
 13825 | D:11     | Reached skill level 5 in Earth Magic
 13832 | D:11     | Reached *** piety under Kikubaaqudgha
 13832 | D:11     | Received a gift from Kikubaaqudgha
 14118 | D:11     | Reached skill level 5 in Necromancy
 14202 | D:11     | Identified the +2 buckler of the Swamp {+Blink Str+7
                  | Stlth-}
 14469 | Lair:1   | Entered Level 1 of the Lair of Beasts
 14522 | Lair:1   | Noticed Harold
 14547 | Lair:1   | Killed Harold
 14685 | Lair:1   | Reached XP level 12. HP: 103/103 MP: 16/19
 14779 | Lair:1   | Noticed Erica
 14796 | Lair:1   | Killed Erica
 14888 | Lair:1   | Noticed Joseph
 14911 | Lair:1   | Killed Joseph
 15950 | Lair:2   | Found a frozen archway.
 15972 | IceCv    | Entered an ice cave
 16089 | IceCv    | Noticed a death yak
 16208 | IceCv    | Noticed a death yak
 16233 | IceCv    | Killed a death yak
 16238 | IceCv    | Killed a death yak
 16545 | IceCv    | Noticed a death yak
 16562 | IceCv    | Killed a death yak
 17377 | IceCv    | HP: 2/104 [ice beast[an ice statue] (6)]
 18436 | IceCv    | Noticed a death yak
 18441 | IceCv    | Noticed a death yak
 18455 | IceCv    | Killed a death yak
 18456 | IceCv    | Reached skill level 1 in Shields
 18468 | IceCv    | Killed a death yak
 18470 | IceCv    | Reached XP level 13. HP: 67/111 MP: 10/21
 18631 | IceCv    | Noticed a frost giant
 18686 | IceCv    | Killed a frost giant
 18962 | IceCv    | Got the Notes on Chilblains
 19260 | Lair:2   | Reached **** piety under Kikubaaqudgha
 20038 | Lair:2   | Reached skill level 10 in Fighting
 20210 | Lair:2   | Noticed Sonja
 20230 | Lair:2   | Killed Sonja
 20444 | Lair:2   | Found a staircase to the Shoals.
 20891 | Lair:2   | Learned a level 4 spell: Dispel Undead
 20898 | Lair:2   | Learned a level 6 spell: Simulacrum
 21032 | Lair:3   | Reached XP level 14. HP: 122/122 MP: 22/24
 21033 | Lair:3   | Reached XP level 15. HP: 128/128 MP: 22/25
 22183 | Lair:3   | Found a staircase to the Snake Pit.
 22243 | Lair:3   | Engulfed by a fire crab's flame

Illustrated notes

Levels and vault maps discovered:
D:1:      dpeg_arrival_boxes_within_box, layout_rooms
D:2:      layout_loops_ring
D:3:      layout_loops_ring, mainiacjoe_overflow_24_doors, tgw_sif,
          chequers_ecumenical_altar_island, grunt_ministairs_7
D:4:      layout_loops_ring, mainiacjoe_overflow_concentric_impassable,
          mainiacjoe_overflow_tiny_flanked, minmay_temple_entry_statues_pillars,
          gammafunk_ghost_grave, minmay_manual_mares
D:5:      layout_basic, kennysheep_mini, zin_purify, minivault_14
D:6:      layout_rooms, grunt_qazlal_clouds,
          chequers_temple_overflow_minitemple, nicolae_half_adder
D:7:      layout_cave_pods, marbit_many_paths, uniq_duvessa, uniq_maggie,
          uniq_menkaure
D:8:      layout_basic, nicolae_concentric_dashed_squares_mild
D:9:      layout_gridville, mainiacjoe_overflow_alcove_4, st_stairs_7,
          uniq_maurice, uniq_prince_ribbit1
D:10:     layout_loops_ring, mainiacjoe_overflow_paths
D:11:     layout_cave_pools, minmay_lair_entry_grove, orc_0_dummy
Temple:   hellmonk_temple_rainy
Lair:1:   layout_loops_ring, uniq_erica, uniq_joseph, uniq_harold
Lair:2:   kb_forest_paths, layout_gridlike, elwin_shoals_entry_rocks,
          portal_ice_cave_entry_pillars_1, grunt_forest_stairs_clearing,
          uniq_sonja
Lair:3:   layout_regular_city, guppyfry_snake_entry_island,
          nicolae_lair_lakeside_cave, serial_bayou_shore_b

Skill      XL: |  1  2  3  4  5  6  7  8  9 10 11 12 13 14 15 |
---------------+----------------------------------------------+-----
Spellcasting   | 2 3 4 5 6 7 8 |  8.3
Ice Magic      | 5 6 7 9 10 11 12 | 12.6
Unarmed Combat | 1 2 3 4 5 6 7 8 |  8.0
Fighting       | 1 2 3 5 6 7 8 9 10 | 10.8
Dodging        | 3 4 5 6 7 8 |  8.0
Armour         | 2 3 4 |  4.0
Stealth        | 4 |  4.0
Necromancy     | 1 5 7 9 |  9.5
Earth Magic    | 2 5 8 9 |  9.9
Shields        | 1 3 4 |  4.0

Action                     |  1- 3 |  4- 6 |  7- 9 | 10-12 | 13-15 || total
---------------------------+-------+-------+-------+-------+-------++-------
  Melee: Unarmed           |    78 |   107 |   206 |   714 |   290 ||  1395
         Punch             |       |       |     7 |    22 |       ||    29
   Cast: Freeze            |    29 |    25 |    40 |    45 |    22 ||   161
         Frozen Ramparts   |       |     9 |    36 |    87 |    30 ||   162
         Ozocubu's Armour  |       |       |    35 |    75 |    33 ||   143
         Borgnjor's Vile C |       |       |       |     6 |    27 ||    33
  Evoke: Wand              |       |       |     4 |     4 |     1 ||     9
    Use: Scroll            |       |     2 |     7 |    13 |     2 ||    24
         Potion            |       |       |       |     3 |     6 ||     9
   Stab: Sleeping          |     3 |     2 |     1 |     1 |       ||     7
         Distracted        |       |     1 |       |       |       ||     1
 Armour: Robe              |    21 |    13 |    63 |       |       ||    97
         Steam dragon scal |       |       |    17 |   266 |    89 ||   372
  Dodge: Dodged            |    65 |    87 |   154 |   371 |   171 ||   848
  Block: Other             |       |       |     2 |    93 |       ||    95
         Reflection        |       |       |     1 |     8 |     4 ||    13
         Buckler           |       |       |       |   111 |   195 ||   306

Table legend: (Time is in decaauts)
 A = Elapsed time spent in this place.
 B = Non-inter-level travel time spent in this place.
 C = Inter-level travel time spent in this place.
 D = Time resting spent in this place.
 E = Time spent auto-exploring this place.
 F = Levels seen in this place.
 G = Mean time per level.
                   A        B        C        D        E       F      G
               +--------+--------+--------+--------+--------+-----+--------+
         Total |  22145 |  21296 |    849 |   5027 |  12248 |  16 | 1384.1 |
       Dungeon |  14407 |  13722 |    685 |   2644 |   8698 |  11 | 1309.7 |
        Temple |     26 |     15 |     11 |      0 |      9 |   1 |   26.0 |
          Lair |   4522 |   4369 |    153 |    655 |   2917 |   3 | 1507.3 |
      Ice Cave |   3188 |   3188 |      0 |   1728 |    624 |   1 | 3188.0 |
               +--------+--------+--------+--------+--------+-----+--------+

Top non-repeatable levels by time:
   IceCv: 3188 daAuts
     D:7: 1849 daAuts
     D:9: 1839 daAuts
     D:4: 1788 daAuts
  Lair:2: 1728 daAuts
     D:6: 1708 daAuts
  Lair:1: 1462 daAuts
    D:11: 1392 daAuts
     D:8: 1375 daAuts
  Lair:3: 1330 daAuts
    D:10: 1148 daAuts
     D:5: 1119 daAuts
     D:3: 829 daAuts
     D:2: 724 daAuts
     D:1: 632 daAuts
